 Dungeon Crawl Stone Soup version 0.20.1-1-g8b1a95d (webtiles) character file.

3129 Jazqa the Fighter (level 9, 0/84 HPs)
             Began as a Ghoul Monk on Oct 23, 2017.
             Was an Elder of Nemelex Xobeh.
             Slain by an orc warrior
             ... wielding a +0 mace
              (13 damage)
             ... on level 8 of the Dungeon.
             The game lasted 00:17:27 (8048 turns).

Jazqa the Fighter (Ghoul Monk)                      Turns: 8048, Time: 00:17:28

Health: 0/84       AC:  6    Str: 15    XL:     9   Next: 92%
Magic:  13/13      EV: 12    Int:  5    God:    Nemelex Xobeh [****..]
Gold:   350        SH:  0    Dex: 14    Spells: 8/8 levels left

rFire    + . .     SeeInvis +     - Unarmed
rCold    + . .     Gourm    .   (no shield)
rNeg     + + +     Faith    .   w - +0 ring mail
rPois    ∞         Spirit   .   (no helmet)
rElec    .         Reflect  .   (no cloak)
rCorr    .         Harm     .   (no gloves)
MR       .....                  a - +0 pair of boots
Stlth    ++........             (no amulet)
Regen    0.0/turn               f - ring of protection from fire
MPRegen  0.2/turn               k - ring of see invisible

@: rotting
A: rotting body, claws 1, carnivore 3, cold resistance 1, negative energy
resistance 3, inhibited regeneration, torment resistance, unbreathing
a: Triple Draw, Deal Four, Renounce Religion


You were on level 8 of the Dungeon.
You worshipped Nemelex Xobeh.
Nemelex Xobeh was greatly pleased with you.
You were not hungry.

You visited 1 branch of the dungeon, and saw 8 of its levels.
You also visited: Sewer.

You collected 350 gold pieces.

Inventory:

Missiles
 i - 2 throwing nets (quivered)
Armour
 a - a +0 pair of boots (worn)
 w - a +0 ring mail (worn)
 L - a +0 crystal plate armour
Jewellery
 f - a ring of protection from fire (left claw)
 k - a ring of see invisible (right claw)
 n - an uncursed ring of flight
Wands
 c - a wand of polymorph (15/24)
 H - a wand of flame (30/48)
 K - a wand of polymorph (19/24)
Scrolls
 d - a scroll of fear {unknown}
 o - 3 scrolls of recharging
 p - 4 scrolls of identify
 q - 2 scrolls of remove curse
 r - 2 scrolls of amnesia {unknown}
 A - a scroll of magic mapping
 G - a scroll of enchant armour
Potions
 e - a potion of heal wounds
 g - a potion of resistance
 h - 2 potions of haste
 j - 2 potions of magic
 v - a potion of agility
 B - 2 potions of curing
 E - 2 potions of brilliance
Books
 x - a book of Callings

   Spells                             Type                      Level
   a - Summon Small Mammal            Summoning                    1
   b - Call Imp                       Summoning                    2
   c - Call Canine Familiar           Summoning                    3
   d - Summon Guardian Golem          Hexes/Summoning              3
   e - Summon Lightning Spire         Summoning/Air                4
   f - Summon Ice Beast               Ice/Summoning                4
 y - a book of Misfortune

   Spells                             Type                      Level
   a - Confusing Touch                Hexes                        1
   b - Confuse                        Hexes                        3
   c - Gell's Gravitas                Translocation                3
   d - Petrify                        Transmutation/Earth          4
   e - Metabolic Englaciation         Hexes/Ice                    5
   f - Yara's Violent Unravelling     Hexes/Transmutation          5
 z - a book of Maledictions

   Spells                             Type                      Level
   a - Corona                         Hexes                        1
   b - Ensorcelled Hibernation        Hexes/Ice                    2
   c - Confuse                        Hexes                        3
   d - Tukima's Dance                 Hexes                        3
   e - Dazzling Spray                 Conjuration/Hexes            3
Miscellaneous
 l - a plain deck of summoning
 t - a plain deck of escape {drawn: 2}
 u - an ornate deck of destruction
 C - a plain deck of destruction {drawn: 1}
Comestibles
 b - 3 meat rations
 m - 3 royal jellies


   Skills:
 + Level 9.5 Fighting
 - Level 3.0 Dodging
 - Level 3.0 Stealth
 + Level 9.1 Unarmed Combat
 + Level 7.8 Invocations


You had 8 spell levels left.
You didn't know any spells.

Dungeon Overview and Level Annotations

Branches:
Dungeon (8/15)             Temple (0/1) D:7
   Lair: D:8-11

Altars:
Hepliaklqana
Nemelex Xobeh
The Shining One

Shops:
D:7 :


Innate Abilities, Weirdness & Mutations

Your body is rotting away.
You thrive on raw meat.
You are immune to poison.
You have sharp fingernails.
You are carnivorous and can eat meat at any time.
Your flesh is cold resistant. (rC+)
You are immune to negative energy. (rN+++)
You do not regenerate when monsters are visible.
You are immune to unholy pain and torment.
You can survive without breathing.


Message History

You are too injured to fight recklessly!
You are too injured to fight recklessly!
You are too injured to fight recklessly!
You claw the giant cockroach!
You kill the giant cockroach!
The orc warrior hits you with a mace!
You miss the crimson imp. You barely miss the crimson imp.
The orc warrior hits you with a mace!
* * * LOW HITPOINT WARNING * * *
The crimson imp misses you.
You scratch the crimson imp.
The crimson imp is moderately wounded.
The crimson imp barely misses you. The orc warrior hits you with a mace.
* * * LOW HITPOINT WARNING * * *
Unknown command.
You scratch the orc warrior.
The orc warrior is lightly wounded.
The crimson imp blinks!
The orc warrior hits you with a mace!
You die...
Your body glows with a rainbow of weird colours and disappears.

#....##....##..........)
#....#................)#
+....'.................#
#####....##....###..########
........5.#....###..# #
<.....5...#......#..+ #
.........s)......# #
......(...#§o....# #
..........#@.....# #
######..>.####+### # #.....
# #...(.. # #....... #
#....... # #####... # ####
....


You could see an orc warrior and a crimson imp.

Vanquished Creatures
  The ghost of equalderp2856 the Chopper, a novice MiFi (D:7)
  A hippogriff (D:7)
  A sky beast (D:6)
  3 ogres
  4 centaurs
  5 bullfrogs
  A wyvern skeleton (D:7)
  A scorpion (D:5)
  4 wights (D:8)
  3 crimson imps
  A bullfrog zombie (D:5)
  A bullfrog skeleton (D:5)
  A centaur zombie (D:6)
  A hound (D:7)
  4 orc priests
  Terence (D:2)
  3 orc wizards (D:7)
  7 worker ants
  A killer bee zombie (D:6)
  4 gnolls
  15 adders
  3 shadow imps
  An ufetubus (D:7)
  An adder skeleton (D:6)
  4 worms
  A dart slug (D:5)
  A leopard gecko (D:5)
  17 orcs
  7 bats
  5 giant cockroaches
  3 goblins
  10 hobgoblins
  11 jackals
  8 kobolds
  3 quokkas
  8 ball pythons
  9 frilled lizards
  A jackal skeleton (D:5)
  A jackal zombie (D:5)
  10 rats
  2 plants (Sewer)
169 creatures vanquished.

Vanquished Creatures (collateral kills)
  Prince Ribbit (D:6)
  An ogre (D:5)
  A scorpion (D:5)
  2 orc priests (D:4)
  4 orc wizards (D:4)
  2 orcs (D:4)
  2 jackals (D:4)
13 creatures vanquished.

Vanquished Creatures (others)
  A jelly (D:7)
  A gnoll (D:6)
  An orc (D:7)
3 creatures vanquished.

Grand Total: 185 creatures vanquished

Notes
Turn   | Place    | Note
-------+----------+-------------------------------------------
     0 | D:1      | Jazqa the Ghoul Monk began the quest for the Orb.
     0 | D:1      | Reached XP level 1. HP: 19/19 MP: 0/0
   107 | D:1      | Reached XP level 2. HP: 26/26 MP: 1/1
   399 | D:1      | Reached XP level 3. HP: 18/33 MP: 2/2
   906 | D:2      | Noticed Terence
   919 | D:2      | Killed Terence
   919 | D:2      | Reached XP level 4. HP: 26/40 MP: 3/3
  1725 | D:2      | Reached XP level 5. HP: 37/47 MP: 4/4
  1933 | D:3      | Found a glowing drain.
  1951 | Sewer    | Entered a sewer
  2388 | Sewer    | Reached skill level 5 in Fighting
  3115 | D:3      | Found a sparkling altar of Nemelex Xobeh.
  3140 | D:3      | Became a worshipper of Nemelex Xobeh the Trickster
  3140 | D:3      | Received a gift from Nemelex Xobeh
  3140 | D:3      | Received a gift from Nemelex Xobeh
  3140 | D:3      | Reached * piety under Nemelex Xobeh
  3140 | D:3      | Received a gift from Nemelex Xobeh
  3140 | D:3      | Reached ** piety under Nemelex Xobeh
  3314 | D:4      | Reached XP level 6. HP: 43/56 MP: 5/5
  3364 | D:4      | Reached skill level 5 in Unarmed Combat
  3364 | D:4      | Reached skill level 1 in Invocations
  3782 | D:5      | Entered Level 5 of the Dungeon
  3812 | D:5      | Received a gift from Nemelex Xobeh
  3989 | D:5      | Reached XP level 7. HP: 62/62 MP: 6/8
  4936 | D:6      | Reached *** piety under Nemelex Xobeh
  5296 | D:6      | Reached XP level 8. HP: 71/71 MP: 10/10
  5652 | D:6      | Noticed Prince Ribbit
  5692 | D:6      | Killed Prince Ribbit
  5692 | D:6      | Reached skill level 5 in Invocations
  5926 | D:7      | Found a staircase to the Ecumenical Temple.
  5939 | D:7      | Noticed a hippogriff
  5954 | D:7      | Killed a hippogriff
  6199 | D:7      | Noticed equalderp2856's ghost (novice MiFi)
  6225 | D:7      | Killed equalderp2856's ghost
  6225 | D:7      | Reached XP level 9. HP: 25/82 MP: 12/12
  6502 | D:7      | Received a gift from Nemelex Xobeh
  6522 | D:7      | Found a glowing golden altar of the Shining One.
  6676 | D:7      | Found Ecwaph's Book Shoppe.
  7138 | D:7      | Received a gift from Nemelex Xobeh
  7412 | D:7      | Found a hazy altar of Hepliaklqana.
  8015 | D:8      | Reached **** piety under Nemelex Xobeh
  8048 | D:8      | Slain by an orc warrior

Skill      XL: |  1  2  3  4  5  6  7  8  9 |
---------------+----------------------------+-----
Dodging        | 3 |  3.0
Stealth        | 3 |  3.0
Fighting       | 4 5 6 8 9 |  9.5
Unarmed Combat | 4 5 6 7 9 |  9.1
Invocations    | 2 4 6 7 |  7.8

Action                   |  1- 3 |  4- 6 |  7- 9 || total
-------------------------+-------+-------+-------++-------
Melee: Unarmed           |    64 |   280 |   385 ||   729
       Punch             |       |     6 |    10 ||    16
 Abil: Evoke Flight      |       |     2 |       ||     2
       Stop Flying       |       |     1 |       ||     1
Evoke: Deck              |       |     4 |    12 ||    16
  Use: Potion            |       |     5 |     4 ||     9
       Scroll            |       |     2 |    11 ||    13
 Stab: Sleeping          |     5 |     1 |     2 ||     8
       Petrified         |       |       |     2 ||     2
  Eat: Chunk             |     2 |    10 |    10 ||    22
       Meat ration       |       |       |     1 ||     1
Armor: Robe              |    10 |    40 |       ||    50
       Ring mail         |       |    11 |   105 ||   116
Dodge: Dodged            |    42 |   168 |   196 ||   406
